 Dungeon Crawl Stone Soup version 0.31-a0-188-g5e087ee2ca (webtiles) character file.

Game seed: 11726521510967742082

2 qw the Shooter (level 1, -1/12 HPs)
             Began as a Deep Elf Hunter on June 22, 2023.
             Slain by a quokka (4 damage)
             ... on level 1 of the Dungeon.
             The game lasted 00:00:03 (74 turns).

qw the Shooter (Deep Elf Hunter)                      Turns: 74, Time: 00:00:03

Health: -1/12      AC:  3    Str:  8    XL:     1   Next: 25%
Magic:  3/3        EV: 12    Int: 13    God:
Gold:   39         SH:  0    Dex: 18    Spells: 0/0 levels left

rFire   . . .        a - +0 shortbow
rCold   . . .        (shield currently unavailable)
rNeg    . . .        c - +0 leather armour
rPois   .            (no helmet)
rElec   .            (no cloak)
rCorr   .            (no gloves)
SInv    .            (no boots)
Will    .....        (no amulet)
Stlth   ++           (no ring)
HPRegen 0.22/turn    (no ring)
MPRegen 0.08/turn

%: no passive effects
@: no status effects
A: no striking features
a: no special abilities


You were on level 1 of the Dungeon.
You visited 1 branch of the dungeon, and saw 1 of its levels.

You collected 39 gold pieces.


   Skills:
 - Level 1.5 Fighting
 + Level 5.4 Ranged Weapons
 - Level 2.4 Dodging
 - Level 1.2 Stealth


You couldn't memorise any spells.
You didn't know any spells.
Your spell library was empty.

Inventory:

Hand Weapons
 a - a +0 shortbow (weapon)
Armour
 c - a +0 leather armour (worn)
Scrolls
 b - a scroll of butterflies
 d - a scroll of teleportation {unknown}
Potions
 e - 2 potions of mutation {unknown}

Dungeon Overview and Level Annotations

Branches:
Dungeon (1/15)

Altars:


Message History

You shoot an arrow. The arrow hits the ball python!
You kill the ball python!
Found a dagger.
Found a stone staircase leading down.
d - a scroll labelled NEIWUO BODE
e - 2 orange potions
Found 5 stones.
You now have 25 gold pieces (gained 12).
Found a stone staircase leading down.
Found a hand axe.
You see here 5 stones.
Enter note: You now have 39 gold pieces (gained 14).
A quokka comes into view.
You see here a sedimented clear potion.
Enter note: You shoot an arrow.
The arrow hits the quokka but does no damage.
You shoot an arrow. The arrow barely misses the quokka.
You shoot an arrow. The arrow closely misses the quokka.
You shoot an arrow. The arrow barely misses the quokka.
You shoot an arrow. The arrow closely misses the quokka.
The quokka barely misses you. The quokka bites you.
You shoot an arrow.
The arrow hits the quokka but does no damage.
The quokka bites you.
You shoot an arrow. The arrow closely misses the quokka.
The quokka misses you. The quokka closely misses you.
You shoot an arrow. The arrow misses the quokka.
The quokka misses you.
You shoot an arrow. The arrow hits the quokka.
The quokka is moderately wounded.
The quokka bites you but does no damage.
The quokka barely misses you.
You shoot an arrow. The arrow hits the quokka.
The quokka is almost dead.
The quokka bites you.
You shoot an arrow. The arrow closely misses the quokka.
The quokka bites you. x2
You die...

########.....
................>
#...# ###......
##...# ##.##.#.
##....#
###..##.#. ###
#....$#
#...###.##
....##.#...#
##.### #.#
#)...#...###..#
#..
#...r@..(....##
##.
....####.##.####
.# . #.....# .#
..#.#.# ..
#.##>#.. .. #..
..#### .. ..#.##
.. .. . .. .


You could see a quokka.

Vanquished Creatures
  2 ball pythons (D:1)
2 creatures vanquished.

Notes
Turn   | Place    | Note
-------+----------+-------------------------------------------
     0 | D:1      | qw the Deep Elf Hunter began the quest for the Orb.
     0 | D:1      | Reached XP level 1. HP: 12/12 MP: 3/3
     0 | D:1      | 0 ||| qw: Version: 0.3-a-9-g12657ce
     0 | D:1      | 0 ||| qw: Game counter: 2952
     0 | D:1      | 0 ||| qw: Always use a shield: true
     0 | D:1      | 0 ||| qw: God list: Okawaru
     0 | D:1      | 0 ||| qw: Allow faded altars: false
     0 | D:1      | 0 ||| qw: Do Orc after D:15 true
     0 | D:1      | 0 ||| qw: Do second Lair branch before Depths: true
     0 | D:1      | 0 ||| qw: Lair rune preference: random
     0 | D:1      | 0 ||| qw: Plans: Normal
     0 | D:1      | 0 ||| PLANNING D:1-11
    74 | D:1      | HP: 3/12 [quokka (2)]
    74 | D:1      | Slain by a quokka

Levels and vault maps discovered:
D:1:      grunt_arrival_crossed_arrows, layout_rooms, minmay_split_cup_small

Action                     || total
---------------------------++-------
   Fire: Shortbow          ||    16
 Armour: Leather armour    ||     1
  Dodge: Dodged            ||     5

Table legend:
 A = Non-vault XP
 B = Vault XP
 C = Vault XP percentage of total XP
 D = Non-vault monster count
 E = Vault monster count
 F = Vault count percentage of total count
                 A         B        C        D         E       F
            +---------+---------+-------+---------+---------+-------
      Total |       3 |       0 |   0.0 |       2 |       0 |   0.0
            +---------+---------+-------+---------+---------+-------
        D:1 |       3 |       0 |   0.0 |       2 |       0 |   0.0
            +---------+---------+-------+---------+---------+-------
